 Dungeon Crawl Stone Soup version 0.30-a0-782-ge64f9170bb (webtiles) character file.

Game seed: 15250869602682078304

293 Leeroy the Changer (level 6, -4/38 HPs)
             Began as an Octopode Transmuter on Feb 22, 2023.
             Slain by an iguana (6 damage)
             ... on level 5 of the Dungeon.
             The game lasted 00:03:22 (3073 turns).

Leeroy the Changer (Octopode Transmuter)            Turns: 3073, Time: 00:03:23

Health: -4/38      AC:  1    Str: 10    XL:     6   Next: 33%
Magic:  9/9        EV: 13    Int: 17    God:
Gold:   140        SH:  0    Dex: 12    Spells: 1/9 levels left

rFire   . . .      SeeInvis .      - Unarmed
rCold   . . .      Faith    .    (no shield)
rNeg    . . .      Spirit   .    (helmet restricted)
rPois   .          Reflect  .    (no amulet)
rElec   .          Harm     .    (no ring)
rCorr   .          Rampage  .    (no ring)
Will    .....                    (no ring)
Stlth   ++                       (no ring)
HPRegen 0.26/turn                (no ring)
MPRegen 0.11/turn                (no ring)
                                 (no ring)
                                 (no ring)

@: no status effects
A: almost no armour, amphibious, 8 rings, camouflage 1, gelatinous body 1,
(nimble swimmer 1), tentacles
a: no special abilities


You were on level 5 of the Dungeon.
You visited 1 branch of the dungeon, and saw 5 of its levels.

You collected 140 gold pieces.

Inventory:

Hand Weapons
 b - a +2 antimagic dagger
Wands
 o - a wand of polymorph (8)
Scrolls
 c - a scroll of fog {unknown}
 e - 2 scrolls of amnesia {unknown}
 g - a scroll of magic mapping
 j - 7 scrolls of identify {unknown}
 n - a scroll of teleportation {unknown}
 p - a scroll of blinking {unknown}
Potions
 a - 2 potions of lignification
 d - 2 potions of might {unknown}
 f - a potion of haste {unknown}
 i - a potion of degeneration {unknown}
 k - a potion of resistance
 l - a potion of ambrosia {unknown}
 m - 4 potions of curing {unknown}


   Skills:
 - Level 1.0 Fighting
 - Level 2.0 Dodging
 - Level 3.0 Unarmed Combat
 - Level 2.0 Spellcasting
 + Level 6.2 Transmutations
 + Level 1.7 Poison Magic


You had one spell level left.
You knew the following spells:

 Your Spells              Type           Power      Damage    Failure   Level
a - Beastly Appendage     Tmut           46%        N/A       1%          1
b - Spider Form           Tmut/Pois      15%        N/A       11%         3
c - Ice Form              Ice/Tmut       12%        N/A       47%         4

Your spell library contained the following spells:

 Spells                   Type           Power      Damage    Failure   Level
 Wereblood                Tmut           23%        N/A       2%          2


Dungeon Overview and Level Annotations

Branches:
Dungeon (5/15)
 Temple: D:4-7

Altars:
Gozag

Shops:
D:3 *:

Annotations:
D:3 1 runed translucent door, Crazy Yiuf, Sigmund


Innate Abilities, Weirdness & Mutations

You cannot wear most types of armour.
You are amphibious.
You can wear up to eight rings at the same time.
Your skin changes colour to match your surroundings (Stealth+).
Your rubbery body absorbs attacks. (AC +1, EV +1)
((You are camouflaged when in or above water. (Stealth+)))
You have tentacles for arms and can constrict up to eight enemies at once.


Message History

The gnoll closely misses you. x2
You release your grip on the gnoll.
The gnoll attacks as you move away! The gnoll closely misses you.
The gnoll attacks as you move away! The gnoll hits you with a +0 club.
There is a stone staircase leading down here.
The gnoll closely misses you.
You climb downwards.
You hear the hiss of flowing sand.
There is an entrance to an ossuary on this level.
Hurry and find it before the portal is buried!
Found three items.
Found two stone staircases leading up and a stone staircase leading down.
There is a stone staircase leading up here.
The gnoll attacks as you move away! The gnoll hits you with a +0 club.
The hound barks!
You barely miss the gnoll. You grab the gnoll. You squeeze the gnoll.
The gnoll is moderately wounded.
You constrict the gnoll, but do no damage.
The hound barely misses you. The gnoll hits you with a +0 club.
The hound bites you.
The iguana hisses menacingly.
You tentacle-slap the gnoll but do no damage.
You squeeze the gnoll.
The gnoll is heavily wounded.
You constrict the gnoll, but do no damage.
The hound bites you.
* * * LOW HITPOINT WARNING * * *
The gnoll hits you with a +0 club.
* * * LOW HITPOINT WARNING * * *
As you read the scroll labelled XUEXTE YROJOKO, it crumbles to dust.
It is a scroll of enchant armour.
You aren't carrying any armour which can be enchanted further.
You constrict the gnoll. The iguana misses you. The hound bites you.
* * * LOW HITPOINT WARNING * * *
The gnoll hits you with a +0 club.
* * * LOW HITPOINT WARNING * * *
As you read the scroll labelled YWKU DASHEDYEZAPUM, it crumbles to dust.
You feel aware of your surroundings.
You sensed 2 altars, and 1 shop/portal.
It was a scroll of magic mapping.
You constrict the gnoll. The hound closely misses you. The iguana bites you.
You die...

*,,,,,,,* *,
*...?...#####*********,
##..>...?.....,,,,,,,,,
#........<....,,,,,,,,,
#.........#.⌠.,,,,,,,,,
#.............,,,,,,,,,
#..?..O...⌠...⌠,,,,,,**
#....h........,,,,,,,**
#....g@l....<.,,,,,,,,,
#.............,,,,,,,,,
#########.⌠...⌠,,,,,,,,
**....,,,,,,,,,
**.⌠.,,,,,,,,,
*******,..,,,,,,,,,
*,,,,,,,,.,,,,,,,,,
*,***,,**,,,,,,,,,,
*****,,**,,*,,*,,,,,,,,


You could see an ogre, an iguana, a hound and a gnoll.

Vanquished Creatures
  An ogre (D:4)
  A hound (D:4)
  Jessica (D:3)
  Ijyb (D:3)
  Robin (D:3)
  4 gnolls (D:4)
  A worm (D:3)
  2 dart slugs (D:3)
  9 orcs
  4 endoplasms
  A giant cockroach (D:3)
  8 hobgoblins
  5 jackals
  A quokka (D:1)
  8 ball pythons
  4 bats
  A frilled lizard (D:2)
  9 goblins
  2 kobolds
  4 rats
68 creatures vanquished.

Notes
Turn   | Place    | Note
-------+----------+-------------------------------------------
     0 | D:1      | Leeroy the Octopode Transmuter began the quest for the Orb.
     0 | D:1      | Reached XP level 1. HP: 13/13 MP: 3/3
   250 | D:1      | Reached XP level 2. HP: 13/18 MP: 3/5
   717 | D:1      | Reached skill level 3 in Transmutations
  1435 | D:2      | Reached XP level 3. HP: 23/23 MP: 6/6
  1781 | D:3      | Found an opulent altar of Gozag.
  1898 | D:3      | Noticed Jessica
  1905 | D:3      | Killed Jessica
  1906 | D:3      | Reached skill level 4 in Transmutations
  1941 | D:3      | Reached XP level 4. HP: 26/28 MP: 7/7
  1949 | D:3      | Noticed Robin
  1962 | D:3      | Killed Robin
  2089 | D:3      | Found a runed translucent door.
  2090 | D:3      | Noticed Crazy Yiuf
  2286 | D:3      | Found Xilinion's Book Shop.
  2379 | D:3      | Noticed Ijyb
  2397 | D:3      | Killed Ijyb
  2398 | D:3      | Reached skill level 5 in Transmutations
  2398 | D:3      | Reached XP level 5. HP: 32/33 MP: 8/8
  2464 | D:3      | Found Cesues's General Store.
  2561 | D:3      | Noticed Sigmund
  2586 | D:4      | Learned a level 3 spell: Spider Form
  2591 | D:4      | Learned a level 4 spell: Ice Form
  2632 | D:4      | Noticed an ogre
  2642 | D:4      | Killed an ogre
  2782 | D:4      | Reached XP level 6. HP: 26/38 MP: 3/9
  2875 | D:4      | Reached skill level 6 in Transmutations
  2875 | D:4      | Reached skill level 1 in Poison Magic
  3068 | D:5      | Entered Level 5 of the Dungeon
  3072 | D:5      | HP: 1/38 [gnoll/+0 club (4)]
  3073 | D:5      | Slain by an iguana

Illustrated notes

Levels and vault maps discovered:
D:1:      minmay_arrival_shattered_statue, layout_basic, minmay_misc_feat_doors,
          due_unseen_surprise
D:2:      layout_loops_cross
D:3:      layout_loops_cross, mainiacjoe_overflow_alcove_1, serial_shops, shop,
          nicolae_shop_hallway_plus, uniq_ijyb, uniq_crazy_yiuf_cottage,
          uniq_robin, uniq_sigmund, uniq_jessica
D:4:      layout_rooms, serial_shops, shop, uniq_grinder
D:5:      layout_rooms, lemuel_zombie_altar_kikubaaqudgha,
          kennysheep_slug_shrine, nicolae_ossuary_entry_catacombs,
          corexii_shack, grunt_ministairs_2, dk_noncrumbling_4,
          amethyst_killhole, uniq_duvessa, uniq_edmund, uniq_blork_the_orc

Skill      XL: |  1  2  3  4  5  6 |
---------------+-------------------+-----
Transmutations | 3 4 5 6 |  6.2
Poison Magic   | 1 |  1.7
Fighting       | |  1.0
Dodging        | |  2.0
Unarmed Combat | |  3.0
Spellcasting   | |  2.0

Action                     |  1- 3 |  4- 6 || total
---------------------------+-------+-------++-------
  Melee: Unarmed           |    70 |   105 ||   175
         Constrict         |    18 |    23 ||    41
         Tentacles         |    15 |    24 ||    39
         Punch             |     3 |     1 ||     4
   Cast: Spider Form       |       |     4 ||     4
    Use: Scroll            |       |     2 ||     2
   Stab: Sleeping          |     2 |     2 ||     4
 Armour: Skin              |    11 |     3 ||    14
  Dodge: Dodged            |    52 |    70 ||   122

Table legend: (Time is in decaauts)
 A = Elapsed time spent in this place.
 B = Non-inter-level travel time spent in this place.
 C = Inter-level travel time spent in this place.
 D = Time resting spent in this place.
 E = Time spent auto-exploring this place.
 F = Levels seen in this place.
 G = Mean time per level.
                   A        B        C        D        E       F      G
               +--------+--------+--------+--------+--------+-----+--------+
         Total |   3062 |   3021 |     41 |    185 |   2291 |   5 |  612.4 |
       Dungeon |   3062 |   3021 |     41 |    185 |   2291 |   5 |  612.4 |
               +--------+--------+--------+--------+--------+-----+--------+

Top non-repeatable levels by time:
     D:1: 1034 daAuts
     D:2: 777 daAuts
     D:3: 757 daAuts
     D:4: 488 daAuts
     D:5: 4 daAuts
